 Dungeon Crawl Stone Soup version 0.28-a0-1234-g826d19b2e0 (webtiles) character file.

Game seed: 5338230097303414681

65 porpoise the Skirmisher (level 4, -2/30 HPs)
             Began as a Gargoyle Chaos Knight on Dec 24, 2021.
             Was a Plaything of Xom.
             Slain by Terence (7 damage)
             ... on level 2 of the Dungeon.
             The game lasted 00:04:19 (1419 turns).

porpoise the Skirmisher (Gargoyle Chaos Knight)     Turns: 1419, Time: 00:04:19

Health: -2/30      AC:  8    Str: 16    XL:     4   Next: 14%
Magic:  4/4        EV: 11    Int: 10    God:    Xom [.*....]
Gold:   40         SH:  0    Dex: 11    Spells: 3/3 levels left

rFire   . . .      SeeInvis .   a - +0 hand axe (chaos)
rCold   . . .      Faith    .   (no shield)
rNeg    + . .      Spirit   .   b - +2 leather armour
rPois   ∞          Reflect  .   (no helmet)
rElec   +          Harm     .   (no cloak)
rCorr   .          Rampage  .   (no gloves)
Will    +....                   (no boots)
Stlth   +.........              (no amulet)
HPRegen 0.10/turn               (no ring)
MPRegen 0.09/turn               (no ring)

@: unable to read
A: sickness immunity, AC +3, negative energy resistance 1, electricity
resistance, torment resistance 1, petrification resistance, dopey 1,
strong-willed 1, screaming 1, inability to read while threatened
a: Renounce Religion


You were on level 2 of the Dungeon.
You worshipped Xom.
You were a plaything of Xom.
You visited 1 branch of the dungeon, and saw 2 of its levels.

You collected 40 gold pieces.

Inventory:

Hand Weapons
 a - a +0 hand axe of chaos (weapon)
Missiles
 c - 53 stones
 d - 12 boomerangs (quivered)
 g - 13 poisoned darts
Armour
 b - a +2 leather armour (worn)
Wands
 e - a wand of mindburst (3)
Scrolls
 f - a scroll of enchant weapon {unknown}
 h - a scroll of teleportation {unknown}


   Skills:
 + Level 4.4 Fighting
 + Level 3.6 Axes
 - Level 2.1 Armour
 - Level 0.7 Dodging


You had 3 spell levels left.
You didn't know any spells.
Your spell library was empty.

Dungeon Overview and Level Annotations

Branches:
Dungeon (2/15)

Altars:

Annotations:
D:2 Terence


Innate Abilities, Weirdness & Mutations

You are immune to sickness and miasma.
Your stone body is resilient. (AC +3)
You are immune to poison.
You resist negative energy. (rN+)
You are resistant to electric shocks. (rElec)
You are resistant to unholy torment.
You are immune to petrification.
You are dopey. (Int -2)
You are strong-willed. (Will+)
You occasionally shout uncontrollably at your foes.
You sometimes lose the ability to read scrolls when taking damage.


Message History

Deactivating autopickup; reactivate with Ctrl-A.
Something bites you but does no damage.
Unknown command.
You hit something but do no damage.
Nothing appears to happen.
Something completely misses you. Something bites you.
The jackal closely misses you. Something bites you.
You are too injured to fight recklessly!
Unknown command.
Cleave: a) +0 hand axe (chaos)
Press: ? - help, Dir - move target Your weapon can't reach that far!
Okay, then.
Unknown command.
You hit something. You burn something.
Reactivating autopickup.
You feel a bit more experienced.
You closely miss the jackal.
The jackal bites you but does no damage.
You are too injured to fight recklessly!
You are too injured to fight recklessly!
You hit the jackal but do no damage. The jackal barely misses you.
The jackal bites you but does no damage.
You hit the jackal. You burn the jackal.
You kill the jackal!
You hit Terence but do no damage. You drain Terence.
Terence is lightly wounded.
Terence hits you with a +0 morningstar!
You feel threatened and lose the ability to read scrolls!
* * * LOW HITPOINT WARNING * * *
You hit Terence but do no damage.
Terence is lightly wounded.
Terence shouts, "Get ready for death!"
Terence hits you with a +0 morningstar.
* * * LOW HITPOINT WARNING * * *
You aren't carrying any potions.
You hit Terence but do no damage.
Terence is lightly wounded.
Terence hits you with a +0 morningstar!
You die...
Xom laughs nastily!

#.. .# ##.##.#
##...#.#
#####......#
...........#
#####.....##
##...## ####.##
#.@@.#
#.####.####
#......#
#####..#########
#..........####
#..###.........
#..# #.###.####
..# #..# #)###.#
... #..###..##.#
#.##


You could see Terence (drained).

Vanquished Creatures
  A gnoll (D:1)
  An adder (D:2)
  A dart slug (D:1)
  A bat (D:2)
  7 endoplasms
  3 giant cockroaches
  4 goblins
  5 hobgoblins
  4 jackals (D:2)
  A quokka (D:2)
  2 ball pythons (D:1)
  2 frilled lizards (D:2)
  3 kobolds
  3 rats
38 creatures vanquished.

Notes
Turn   | Place    | Note
-------+----------+-------------------------------------------
     0 | D:1      | porpoise the Gargoyle Chaos Knight began the quest for the
                  | Orb.
     0 | D:1      | Reached XP level 1. HP: 14/14 MP: 1/1
    73 | D:1      | XOM: silly message
   107 | D:1      | Reached XP level 2. HP: 19/19 MP: 2/2
   176 | D:1      | XOM: god gift: wand of mindburst (3)
   225 | D:1      | XOM: scenery: 1 doors open
   511 | D:1      | Found a faded altar of an unknown god.
   630 | D:1      | Reached XP level 3. HP: 24/24 MP: 3/3
   823 | D:1      | Reached skill level 4 in Fighting
  1141 | D:2      | XOM: blink monster(s)
  1314 | D:2      | XOM: give mutations
  1314 | D:2      | Gained mutation: You occasionally shout uncontrollably at
                  | your foes. [Xom's mischief]
  1314 | D:2      | Gained mutation: You are dopey. (Int -2) [Xom's mischief]
  1314 | D:2      | Gained mutation: You sometimes lose the ability to read
                  | scrolls when taking damage. [Xom's mischief]
  1314 | D:2      | Gained mutation: You are strong-willed. (Will+) [Xom's
                  | mischief]
  1347 | D:2      | Reached XP level 4. HP: 27/30 MP: 4/4
  1405 | D:2      | Noticed Terence
  1419 | D:2      | Slain by Terence

Illustrated notes

Levels and vault maps discovered:
D:1:      doesnt_arrival_eight_statues, layout_basic,
          ebering_ecumenical_altar_box
D:2:      minmay_diamond_boxcup, layout_loops_ring, minmay_misc_feat_diagonals,
          minmay_3d_cube, uniq_terence, uniq_natasha

Skill      XL: |  1  2  3 |
---------------+----------+-----
Axes           | 3 |  3.6
Fighting       | 4 |  4.4
Armour         | |  2.1
Dodging        | |  0.7

Action                   |  1- 3 |  4- 6 || total
-------------------------+-------+-------++-------
Melee: Hand axe          |   107 |    16 ||   123
  Use: Potion            |     1 |       ||     1
 Stab: Paralysed         |     1 |       ||     1
Armor: Leather armour    |    37 |     8 ||    45
Dodge: Dodged            |    62 |     8 ||    70

Table legend: (Time is in decaauts)
 A = Elapsed time spent in this place.
 B = Non-inter-level travel time spent in this place.
 C = Inter-level travel time spent in this place.
 D = Time resting spent in this place.
 E = Time spent auto-exploring this place.
 F = Levels seen in this place.
 G = Mean time per level.
                   A        B        C        D        E       F      G
               +--------+--------+--------+--------+--------+-----+--------+
         Total |   1435 |   1408 |     27 |    299 |    850 |   2 |  717.5 |
       Dungeon |   1435 |   1408 |     27 |    299 |    850 |   2 |  717.5 |
               +--------+--------+--------+--------+--------+-----+--------+

Top non-repeatable levels by time:
     D:1: 1060 daAuts
     D:2: 375 daAuts
